 Dungeon Crawl Stone Soup version bcrawl-1.26.1 (webtiles) character file.

Game seed: 12583600462455879992

192439 Freyura the Twirler (level 5, -1/33 HPs)
             Began as a Gargoyle Gladiator on July 9, 2020.
             Slain by a jackal (2 damage)
             ... on level 3 of the Dungeon.
             The game lasted 00:07:06 (2015 turns).

Freyura the Twirler (Gargoyle Gladiator)            Turns: 2015, Time: 00:07:07

Health: -1/33      AC: 14    Str: 17    XL:     5   Next: 87%
Magic:  5/5        EV:  8    Int:  9    God:
Gold:   97         SH:  0    Dex: 15    Spells: 4/4 levels left

rFire    . . .     SeeInvis .   a - +0 quarterstaff
rCold    . . .     Gourm    .   (shield currently unavailable)
rNeg     + . .     Faith    .   i - +0 chain mail
rPois    ∞         Spirit   .   c - +1 helmet
rElec    +         Reflect  .   (no cloak)
rCorr    .         Harm     .   (no gloves)
MR       .....                  (no boots)
Stlth    ..........             (no amulet)
HPRegen  0.11/turn              x - +3 ring of dexterity
MPRegen  0.09/turn              (no ring)

@: no status effects
A: negative energy resistance 1, electricity resistance, unbreathing,
petrification resistance, rot immunity, AC +4
a: no special abilities


You were on level 3 of the Dungeon.
You were not hungry.

You visited 1 branch of the dungeon, and saw 3 of its levels.

You collected 97 gold pieces.

Inventory:

Hand Weapons
 a - a +0 quarterstaff (weapon)
Missiles
 d - 3 throwing nets {=f}
Armour
 b - a +0 leather armour
 c - a +1 helmet (worn)
 i - a +0 chain mail (worn)
Jewellery
 k - an uncursed amulet of rage
 s - an uncursed amulet of magic regeneration
 x - a +3 ring of dexterity (left hand)
Scrolls
 h - 3 scrolls of remove curse
 m - a scroll of magic mapping
 p - a scroll of noise {unknown}
 v - a scroll of fog
Potions
 f - 2 potions of haste {unknown}
 g - a potion of magic {unknown}
 j - 2 potions of lignification {unknown}
 l - a potion of agility {unknown}
 n - 2 potions of berserk rage {unknown}
 q - a potion of flight {unknown}
 r - 2 potions of might {unknown}
 u - 2 potions of mutation {unknown}
 z - a potion of degeneration {unknown}
Comestibles
 e - 6 rations {!d}
 o - 3 chunks of flesh


   Skills:
 * Level 4.1 Fighting
 * Level 4.3 Staves
 - Level 1.7 Throwing
 + Level 2.1 Armour
 + Level 3.0 Dodging


You had 4 spell levels left.
You didn't know any spells.
Your spell library was empty.

Dungeon Overview and Level Annotations

Branches:
Dungeon (3/12)

Altars:
Hepliaklqana


Innate Abilities, Weirdness & Mutations

You are resistant to torment.
Your stone body is resilient. (AC +4)
You are immune to poison.
You resist negative energy. (rN+)
You are resistant to electric shocks. (rElec)
You can survive without breathing.
You are immune to petrification.
You are immune to rotting.


Message History

The jackal barely misses you.
The jackal bites you but does no damage.
The adder bites you but does no damage.
You sock the adder!
You kill the adder!
The jackal bites you but does no damage.
The jackal barely misses you. The jackal closely misses you.
Your chain mail prevents you from hitting the jackal.
The jackal bites you but does no damage.
The jackal barely misses you.
The jackal bites you but does no damage.
The jackal barely misses you.
You hit the jackal.
The jackal is severely wounded.
The jackal closely misses you.
The jackal bites you but does no damage.
You closely miss the jackal.
The jackal is severely wounded.
The jackal bites you.
You die...

*,,,,* *,,,,,,,, *,,,,* *,,,,,,,,
****** *,,,,,,,, *,,,,,,,,
********* * * ***********
###########*** * ,,,,,,,,,,*
#@h........,,***** ,,,,,,,,,,*
#)h........,,,,,,, ,,,,,,,,,,***
#)....#....,,,,,,,
,,,,,,,,,,,,**##...#...#..,,,,,,,
,,,,,,,,,,,,,,#..#...#...#,,,,,,,
,,,,,,,,,,,,+..#...#...#..,*,,,,,
,,****,,,,,..#h..#...#...#.,,*,,,
,,,,,,,,,,,#...#...#...#...#,,,*,
*****,,,,,,..#...#..=#...#..,#..,


You could see 2 jackals.

Vanquished Creatures
  3 orc wizards (D:3)
  A gnoll (D:3)
  An adder (D:3)
  4 oozes
  A worm (D:2)
  A dart slug (D:2)
  3 leopard geckos
  7 orcs
  3 giant cockroaches
  11 goblins
  11 hobgoblins
  3 jackals
  8 kobolds
  2 quokkas
  5 bats
  7 frilled lizards
  4 rats
75 creatures vanquished.

Notes
Turn   | Place    | Note
-------+----------+-------------------------------------------
     0 | D:1      | Freyura the Gargoyle Gladiator began the quest for the Orb.
     0 | D:1      | Reached XP level 1. HP: 12/12 MP: 1/1
   106 | D:1      | Reached XP level 2. HP: 15/18 MP: 2/2
   432 | D:1      | Reached XP level 3. HP: 22/22 MP: 3/3
   838 | D:2      | Reached skill level 1 in Armour
   929 | D:2      | Found a hazy altar of Hepliaklqana.
  1271 | D:2      | Reached XP level 4. HP: 22/28 MP: 4/4
  1885 | D:3      | Reached XP level 5. HP: 30/32 MP: 5/5
  2011 | D:3      | HP: 1/33 [adder (3)]
  2015 | D:3      | Slain by a jackal

Skill      XL: |  1  2  3  4  5 |
---------------+----------------+-----
Armour         | 1 2 |  2.1
Fighting       | 3 4 |  4.1
Staves         | 4 |  4.3
Dodging        | 3 |  3.0
Throwing       | |  1.7

Action                   |  1- 3 |  4- 6 || total
-------------------------+-------+-------++-------
Melee: Quarterstaff      |   134 |   124 ||   258
  Use: Scroll            |       |    10 ||    10
  Eat: Chunk             |     1 |     3 ||     4
Armor: Leather armour    |    12 |       ||    12
       Chain mail        |    89 |   226 ||   315
Dodge: Dodged            |    69 |   106 ||   175
